 Dungeon Crawl Stone Soup version 0.19.3 (webtiles) character file.

6062 Messajah the Severer (level 10, -2/84 HPs)
             Began as a Minotaur Fighter on Jan 22, 2017.
             Was an Elder of Okawaru.
             Succumbed to a black mamba's poison
             ... on level 2 of the Lair of Beasts.
             The game lasted 00:51:29 (11696 turns).

Messajah the Severer (Minotaur Fighter)            Turns: 11696, Time: 00:51:30

Health: -2/84      AC: 22    Str: 21    XL:     10   Next: 57%
Magic:  10/10      EV:  9    Int:  5    God:    Okawaru [****..]
Gold:   526        SH:  0    Dex: 11    Spells: 0 memorised, 9 levels left

rFire  + + .     SeeInvis .     F - +1 glaive of Exquisite Torment {flame, rElec rF+ rC++ Dex-2} (curse)
rCold  + + +     Gourm    .     A - +2 chain mail {rC+}
rNeg   . . .     Faith    .     (shield currently unavailable)
rPois  .         Spirit   .     (helmet restricted)
rElec  +         Reflect  .     r - +0 cloak
rCorr  .         Harm     .     E - +0 pair of gloves
MR     .....                    D - +2 pair of boots
Stlth  ..........               w - amulet of regeneration
                                T - ring of protection from fire
                                y - +4 ring of protection

@: lethally poisoned (-2 -> -25)
A: retaliatory headbutt, horns 2, high mp 1, evolution 1, no device heal 1,
MP-powered wands
a: Heroism, Renounce Religion


You were on level 2 of the Lair of Beasts.
You worshipped Okawaru.
Okawaru was greatly pleased with you.
You were not hungry.

You visited 3 branches of the dungeon, and saw 13 of its levels.
You also visited: Sewer.

You collected 526 gold pieces.

Inventory:

Hand Weapons
 a - a +1 war axe
 F - the cursed +1 glaive of Exquisite Torment (weapon) {flame, rElec rF+ rC++ Dex-2}
   (You found it on level 1 of the Lair of Beasts)

   It has been specially enchanted to burn those struck by it, causing extra
   injury to most foes and up to half again as much damage against particularly
   susceptible opponents.
   Big, fiery blades are also staple armaments of hydra-hunters.
   It affects your dexterity (-2).
   It protects you from fire.
   It greatly protects you from cold.
   It insulates you from electricity.
   It has a curse placed upon it.
Missiles
 P - 4 tomahawks
 U - 2 javelins (quivered)
Armour
 r - a +0 cloak (worn)
 A - a +2 chain mail of cold resistance (worn)
 D - a +2 pair of boots (worn)
 E - a +0 pair of gloves (worn)
Jewellery
 w - an amulet of regeneration (around neck)
 y - a +4 ring of protection (left hand)
 T - a ring of protection from fire (right hand)
Wands
 t - a wand of acid (7/15)
 G - a wand of iceblast (15/15)
 H - a wand of iceblast (12/15)
 J - a wand of flame (15/48)
 L - a wand of acid (4/15)
 R - a wand of paralysis (13/24)
 S - a wand of lightning (9/15)
Scrolls
 e - 2 scrolls of teleportation
 h - a scroll of amnesia {unknown}
 i - 2 scrolls of fear
 k - 3 scrolls of enchant armour
 l - a scroll of magic mapping
 m - 3 scrolls of recharging
 o - 4 scrolls of noise
 p - a scroll of enchant weapon
 q - a scroll of acquirement {unknown}
 v - 5 scrolls of blinking
 O - 3 scrolls of remove curse
 X - 3 scrolls of immolation {unknown}
 Z - a scroll of fog {unknown}
Potions
 c - a potion of cure mutation
 d - a potion of might
 n - a potion of cancellation {unknown}
 s - a potion of agility {unknown}
 u - a potion of lignification {unknown}
 z - 2 potions of curing {unknown}
 B - 2 potions of magic {unknown}
 C - 2 potions of berserk rage {unknown}
 I - a potion of haste {unknown}
 K - a potion of invisibility {unknown}
 M - 2 potions of resistance {unknown}
 V - a potion of flight {unknown}
Books
 b - a book of Air

   Spells                             Type                      Level
   a - Shock                          Conjuration/Air              1
   b - Swiftness                      Charms/Air                   2
   c - Repel Missiles                 Charms/Air                   2
   d - Static Discharge               Conjuration/Air              3
   e - Lightning Bolt                 Conjuration/Air              5
Comestibles
 f - 3 bread rations
 g - 2 royal jellies
 j - 6 meat rations
 x - 5 chunks of flesh


   Skills:
 * Level 6.8 Fighting
 - Level 16.0 Axes
 * Level 6.8 Armour
 + Level 2.8 Dodging
   Level 3.6 Shields


You had 9 spell levels left.
You didn't know any spells.

Dungeon Overview and Level Annotations

Branches:
Dungeon (10/15)            Temple (1/1) D:5            Lair (2/6) D:8
    Orc (0/2) D:10
  Swamp: Lair:2-4    Shoals: Lair:2-4     Snake: Lair:2-4    Spider: Lair:2-4

Altars:
Ashenzari
Cheibriados
Dithmenos
Elyvilon
Fedhas
Gozag
Hepliaklqana
Kikubaaqudgha
Makhleb
Nemelex Xobeh
Okawaru
Qazlal
Ru
Sif Muna
Trog
Uskayaw
Vehumet
Xom
Yredelemnul
Zin
The Shining One

Annotations:
Lair:1 Nergalle


Innate Abilities, Weirdness & Mutations

You reflexively headbutt those who attack you in melee.
You have a pair of horns on your head.
You have an increased reservoir of magic. (+10% MP)
You evolve.
Potions and wands are less effective at restoring your health.
You expend magic power (3 MP) to strengthen your wands.


Message History

You feel very sick. The black mamba barely misses you.
The black mamba bites you but does no damage.
You barely miss the black mamba.
The black mamba is heavily wounded.
You feel very sick.
The black mamba bites you but does no damage.
The black mamba bites you!
* * * LOW HITPOINT WARNING * * *
You are more poisoned.
The black mamba poisons you!
You closely miss the black mamba. Your headbutt misses the black mamba.
The black mamba is heavily wounded.
* * * LOW HITPOINT WARNING * * *
You feel very sick. The black mamba barely misses you.
The black mamba bites you!
* * * LOW HITPOINT WARNING * * *
You miss the black mamba. You headbutt the black mamba.
The black mamba is heavily wounded.
You die...

#.## ### ###
#....###.#####..#
#.....@S..#.#...#
#...#.#...<.....###
## ###..P.P.......
#.#.......###
#.#......###
#####.....#
#......## ###.....#
###..##


You could see a black mamba.

Vanquished Creatures
  The ghost of sveltemanboy the Destroyer, a novice TeCj (D:5)
  2 two-headed ogres
  A hornet (D:10)
  A yak (D:8)
  2 hungry ghosts
  Duvessa (D:6)
  Purgy (Sewer)
  3 black bears
  A hornet zombie (D:9)
  5 sky beasts
  6 ice beasts
  A wolf (D:8)
  5 ogres
  5 centaurs
  A crocodile (Lair:1)
  3 bullfrogs
  Dowan (D:6)
  2 scorpions (D:4)
  5 killer bees (D:7)
  2 howler monkeys
  7 crimson imps
  2 centaur zombies
  A hound (D:8)
  A jelly (D:5)
  2 quasits
  6 orc priests
  6 orc wizards
  A gnoll shaman (D:4)
  A wyvern simulacrum (D:8)
  A bullfrog skeleton (D:6)
  2 iguanas
  7 worker ants
  A killer bee zombie (D:5)
  2 hound skeletons
  A worker ant zombie (D:8)
  2 howler monkey skeletons
  9 adders
  9 gnolls
  A river rat (D:8)
  2 shadow imps
  4 white imps (D:8)
  2 ufetubi (D:8)
  An ooze (D:2)
  3 adder skeletons
  An adder zombie (D:6)
  5 worms
  2 dart slugs
  An adder simulacrum (D:8)
  4 leopard geckos
  25 orcs
  A ball python (D:3)
  17 bats
  7 giant cockroaches
  4 goblins
  5 hobgoblins
  7 jackals
  4 quokkas
  5 frilled lizards
  A jackal zombie (D:5)
  7 kobolds
  14 rats
  23 fungi
  24 plants
280 creatures vanquished.

Vanquished Creatures (others)
  A fungus (D:8)
1 creature vanquished.

Grand Total: 281 creatures vanquished

Notes
Turn   | Place    | Note
-------+----------+-------------------------------------------
     0 | D:1      | Messajah the Minotaur Fighter began the quest for the Orb.
     0 | D:1      | Reached XP level 1. HP: 19/19 MP: 0/0
   126 | D:1      | Reached skill level 3 in Axes
   131 | D:1      | Reached XP level 2. HP: 24/26 MP: 1/1
   607 | D:1      | Reached skill level 4 in Axes
   747 | D:1      | Reached XP level 3. HP: 31/31 MP: 2/2
  1061 | D:2      | Reached skill level 5 in Axes
  1307 | D:2      | Reached XP level 4. HP: 37/39 MP: 3/3
  1758 | D:2      | Reached skill level 6 in Axes
  2291 | D:3      | Reached XP level 5. HP: 45/45 MP: 4/4
  2568 | D:4      | Reached skill level 7 in Axes
  2679 | D:4      | Reached XP level 6. HP: 43/51 MP: 5/5
  2783 | D:4      | Reached skill level 8 in Axes
  3341 | D:4      | Reached skill level 9 in Axes
  3463 | D:5      | Entered Level 5 of the Dungeon
  3523 | D:5      | Found a staircase to the Ecumenical Temple.
  3532 | Temple   | Entered the Ecumenical Temple
  3646 | Temple   | Became a worshipper of Warmaster Okawaru
  3745 | D:5      | Reached XP level 7. HP: 57/57 MP: 6/6
  3875 | D:5      | Noticed sveltemanboy's ghost (novice TeCj)
  4201 | D:5      | Reached skill level 10 in Axes
  5284 | D:6      | Reached * piety under Okawaru
  5301 | D:6      | Reached skill level 11 in Axes
  5351 | D:6      | Reached XP level 8. HP: 64/64 MP: 7/7
  5414 | D:6      | Found a glowing drain.
  5427 | Sewer    | Entered a sewer
  5593 | Sewer    | Noticed Purgy
  5599 | Sewer    | Killed Purgy
  5825 | D:6      | Noticed Duvessa
  5825 | D:6      | Noticed Dowan
  5870 | D:7      | Found a white marble altar of Elyvilon.
  5871 | D:7      | Found a deep blue altar of Sif Muna.
  5872 | D:7      | Found a glowing golden altar of the Shining One.
  5872 | D:7      | Found a snail-covered altar of Cheibriados.
  5872 | D:7      | Found a hide-covered altar of Uskayaw.
  6032 | D:7      | Reached skill level 12 in Axes
  6779 | D:7      | Reached skill level 13 in Axes
  6986 | D:7      | Gained mutation: You are robust. (+10% HP) [mutagenic meat]
  6988 | D:7      | Gained mutation: You can translocate small distances at will. [mutagenic meat]
  6993 | D:7      | Gained mutation: Your body sometimes deteriorates upon taking damage. [mutagenic meat]
  6993 | D:7      | Lost mutation: Your body sometimes deteriorates upon taking damage. [potion of cure mutation]
  6993 | D:7      | Lost mutation: You are robust. (+10% HP) [potion of cure mutation]
  6993 | D:7      | Lost mutation: You can translocate small distances at will. [potion of cure mutation]
  6995 | D:7      | Gained mutation: You have an increased reservoir of magic. (+10% MP) [mutagenic meat]
  6996 | D:7      | Gained mutation: You evolve. [mutagenic meat]
  6997 | D:7      | Gained mutation: Potions and wands are less effective at restoring your health. [mutagenic meat]
  7140 | D:8      | Found a staircase to the Lair.
  7487 | D:8      | Reached ** piety under Okawaru
  7495 | D:8      | Reached XP level 9. HP: 54/70 MP: 8/8
  7674 | D:8      | Reached skill level 14 in Axes
  7988 | D:8      | Found a shadowy altar of Dithmenos.
  8156 | D:8      | Reached skill level 15 in Axes
  8251 | D:9      | Got a fine long sword
  8416 | D:9      | Reached *** piety under Okawaru
  8736 | D:9      | Reached skill level 16 in Axes
  8798 | D:9      | Gained mutation: You expend magic power (3 MP) to strengthen your wands. [evolution]
  9061 | D:9      | Reached XP level 10. HP: 74/78 MP: 10/10
  9116 | D:10     | Entered Level 10 of the Dungeon
  9117 | D:10     | Identified the +4 long sword "Mizoh" {venom, Dex+2} (You found it on level 9 of the Dungeon)
  9548 | D:10     | Reached **** piety under Okawaru
  9548 | D:10     | Reached skill level 5 in Fighting
  9548 | D:10     | Reached skill level 5 in Armour
  9836 | D:10     | Reached skill level 1 in Dodging
  9930 | D:10     | Found a staircase to the Orcish Mines.
 10769 | D:6      | Found an ancient bone altar of Kikubaaqudgha.
 10769 | D:6      | Found a burning altar of Makhleb.
 10907 | D:6      | Killed Duvessa
 10917 | D:6      | Killed Dowan
 11197 | D:5      | Killed sveltemanboy's ghost
 11601 | Lair:1   | Entered Level 1 of the Lair of Beasts
 11619 | Lair:1   | Got a smoking glaive
 11620 | Lair:1   | Identified the cursed +1 glaive of Exquisite Torment {flame, rElec rF+ rC++ Dex-2} (You found it on level 1 of the Lair of Beasts)
 11655 | Lair:1   | Noticed Nergalle
 11676 | Lair:2   | Noticed a black mamba
 11695 | Lair:2   | HP: 1/84 [black mamba (9)]
 11696 | Lair:2   | Succumbed to a black mamba's poison

Skill      XL: |  1  2  3  4  5  6  7  8  9 10 |
---------------+-------------------------------+-----
Axes           | 3 4 5 6 7 9 11 13 16 | 16.0
Fighting       | 4 6 |  6.8
Armour         | 4 6 |  6.8
Dodging        | 2 |  2.8
Shields        | |  3.6

Action                   |  1- 3 |  4- 6 |  7- 9 | 10-12 || total
-------------------------+-------+-------+-------+-------++-------
Melee: War axe           |    82 |   125 |   512 |   156 ||   875
       Headbutt          |    11 |    27 |   116 |    33 ||   187
       Glaive            |       |       |       |    19 ||    19
Throw: Javelin           |       |       |     2 |     5 ||     7
       Tomahawk          |       |       |       |     3 ||     3
 Abil: Blink             |       |       |     1 |       ||     1
  Use: Scroll            |       |       |    12 |     2 ||    14
       Potion            |       |       |     1 |     1 ||     2
  Eat: Chunk             |     1 |     7 |    13 |     1 ||    22
       Beef jerky        |       |     1 |       |       ||     1
       Bread ration      |       |       |     2 |     2 ||     4
       Pizza             |       |       |     1 |       ||     1
Armor: Scale mail        |    46 |    11 |       |       ||    57
       Ring mail         |       |    53 |    56 |       ||   109
       Chain mail        |       |       |   140 |    79 ||   219
Dodge: Dodged            |    46 |    46 |   126 |    49 ||   267
